 Dungeon Crawl Stone Soup version 0.27.1-3-gb3d3a73c9e (webtiles) character file.

Game seed: 17839733005352351999

1490 AarnesTheHuman the Shield-Bearer (level 8, -7/64 HPs)
             Began as a Barachi Fighter on Oct 27, 2021.
             Was a Follower of Cheibriados.
             Killed by divine providence
             ... invoked by an orc priest
              (15 damage)
             ... on level 7 of the Dungeon.
             The game lasted 00:11:24 (6764 turns).

AarnesTheHuman the Shield-Bearer (Barachi Fighter)  Turns: 6764, Time: 00:11:25

Health: -7/64      AC: 10    Str: 30    XL:     8   Next: 80%
Magic:  10/11      EV:  8    Int: 11    God:    Cheibriados [*.....]
Gold:   255        SH: 13    Dex: 21    Spells: 7/7 levels left

rFire    . . .     SeeInvis .   y - +8 war axe of the Little People {venom, rN+ rCorr Dex+7 Stlth+}
rCold    . . .     Faith    .   c - +0 kite shield
rNeg     + . .     Spirit   .   f - +0 scale mail
rPois    .         Reflect  .   r - +2 helmet
rElec    .         Harm     .   (no cloak)
rCorr    +         Rampage  .   (no gloves)
Will     +....                  (no boots)
Stlth    +.........             (no amulet)
HPRegen  0.20/turn              A - +6 ring of strength
MPRegen  0.12/turn              q - ring of willpower

@: very slow
A: amphibious, slowness 1, strong legs 1, +LOS
a: Hop, Renounce Religion, Bend Time


You were on level 7 of the Dungeon.
You worshipped Cheibriados.
Cheibriados was aware of your devotion.
You visited 2 branches of the dungeon, and saw 8 of its levels.

You collected 255 gold pieces.

Inventory:

Hand Weapons
 a - a +0 long sword
 b - a +0 hand crossbow
 u - a +0 dagger of venom
 y - the +8 war axe of the Little People (weapon) {venom, rN+ rCorr Dex+7 Stlth+}
   (You found it on level 5 of the Dungeon)

   It poisons the flesh of those it strikes.
   Dex:       It affects your dexterity (+7).
   rN:        It protects you from negative energy.
   rCorr:     It protects you from acid and corrosion.
   Stlth:     It makes you more stealthy.
Missiles
 g - 206 stones
Armour
 c - a +0 kite shield (worn)
 f - a +0 scale mail (worn)
 r - a +2 helmet (worn)
Jewellery
 j - a ring of flight
 q - a ring of willpower (right hand)
 s - a ring of magical power
 v - a ring of see invisible
 A - a +6 ring of strength (left hand)
Wands
 x - a wand of iceblast (5)
Scrolls
 i - 3 scrolls of identify
 l - a scroll of enchant armour
 t - a scroll of magic mapping
Potions
 d - a potion of might
 e - a potion of brilliance {unknown}
 h - a potion of haste {unknown}
 k - 2 potions of heal wounds
 m - a potion of ambrosia {unknown}
 n - a potion of magic {unknown}
 o - a potion of attraction {unknown}
 p - a potion of degeneration {unknown}
 w - 2 potions of lignification {unknown}
 z - a potion of mutation {unknown}
 B - a potion of berserk rage {unknown}
 C - a potion of invisibility {unknown}


   Skills:
 + Level 6.2 Fighting
 - Level 4.1 Long Blades
 + Level 3.2 Axes
 - Level 0.1 Crossbows
 + Level 6.2 Armour
 * Level 7.3 Shields
 * Level 4.1 Invocations


You had 7 spell levels left.
You didn't know any spells.
Your spell library contained the following spells:

 Spells                   Type           Power      Damage    Failure   Level
 Corona                   Hex            0%         N/A       88%         1
 Ensorcelled Hibernation  Hex/Ice        0%         N/A       95%         2
 Slow                     Hex            0%         N/A       95%         2
 Confusing Touch          Hex            0%         N/A       99%         3
 Conjure Flame            Conj/Fire      0%         6-21      99%         3
 Ignite Poison            Fire/Tmut/Pois 0%         N/A       99%         3
 Inner Flame              Hex/Fire       0%         N/A       99%         3
 Tukima's Dance           Hex            0%         N/A       99%         3
 Cause Fear               Hex            0%         N/A       100%        4
 Passage of Golubria      Tloc           N/A        N/A       100%        4
 Sticky Flame             Conj/Fire      0%         2d3       100%        4
 Yara's Violent Unravell  Hex/Tmut       0%         3d3       100%        5
 Discord                  Hex            0%         N/A       100%        8


Dungeon Overview and Level Annotations

Branches:
Dungeon (7/15)             Temple (1/1) D:5

Altars:
Ashenzari
Cheibriados
Dithmenos
Elyvilon
Fedhas
Gozag
Hepliaklqana
Kikubaaqudgha
Nemelex Xobeh
Okawaru
Qazlal
Ru
Uskayaw
Vehumet
Wu Jian
Xom
Yredelemnul

Shops:
D:3 ([[   D:7 *

Annotations:
D:6 exclusions: electric eel and 3 more exclusions


Innate Abilities, Weirdness & Mutations

You are amphibious.
You cover ground slowly.
You can hop short distances.
You have an extended range of vision and can be seen from far away.


Message History

An orc priest comes into view. It is wielding a +0 mace.
The orc priest shouts!
The orc shouts!
The orc warrior hits you with a +0 halberd!
The orc priest miscasts a cantrip.
You block the orc warrior's attack.
The orc priest shouts!
You slash the orc warrior!
The orc warrior looks as sick as possible!
The orc warrior is severely wounded.
The orc warrior hits you with a +0 halberd.
You slash the orc warrior!
You kill the orc warrior!
Cheibriados appreciates the change of pace.
Your Invocations skill increases to level 4!
You closely miss the orc. You block the orc's attack.
The orc hits you but does no damage.
The orc priest invokes the aid of Beogh against you.
Beogh smites you!
You hit the orc.
You kill the orc!
Cheibriados appreciates the change of pace.
The orc priest calls down the wrath of Beogh upon you.
Beogh smites you!
* * * LOW HITPOINT WARNING * * *
The orc priest calls down the wrath of Beogh upon you.
You resist with some effort.
The orc priest calls down the wrath of Beogh upon you.
Beogh smites you!
* * * LOW HITPOINT WARNING * * *
The orc priest invokes the aid of Beogh against you.
Pain shoots through your body!
* * * LOW HITPOINT WARNING * * *
You block the orc priest's attack.
Items here: )) [ †.
You slice the orc priest!!
You kill the orc priest!
Cheibriados appreciates the change of pace.
The orc priest calls down the wrath of Beogh upon you.
Beogh smites you!
You die...

###################
......o)@........>#
#############.#....#
........[....#.#$.#
#########....#.# #
#.#..#)# #<...#.#
#.#....# #.#.#..#
#.#.#..#


You could see an orc priest.

Vanquished Creatures
  2 sky beasts
  An orc warrior (D:7)
  2 hornet zombies (D:7)
  A necrophage (D:6)
  2 scorpions (D:6)
  A wyvern skeleton (D:7)
  5 killer bees (D:7)
  3 howler monkeys (D:7)
  A hound (D:6)
  2 jellies (D:4)
  3 orc priests
  2 iguanas
  2 orc wizards (D:6)
  8 adders
  2 white imps (D:6)
  An ufetubus (D:6)
  A worm (D:3)
  4 dart slugs
  12 orcs
  4 bats
  2 endoplasms
  4 giant cockroaches
  3 goblins
  3 hobgoblins
  7 jackals
  7 kobolds
  3 quokkas
  7 ball pythons
  2 frilled lizards
  6 rats
103 creatures vanquished.

Vanquished Creatures (others)
  5 plants (D:4)
  4 toadstools (D:1)
9 creatures vanquished.

Grand Total: 112 creatures vanquished

Notes
Turn   | Place    | Note
-------+----------+-------------------------------------------
     0 | D:1      | AarnesTheHuman the Barachi Fighter began the quest for the
                  | Orb.
     0 | D:1      | Reached XP level 1. HP: 18/18 MP: 1/1
   136 | D:1      | Reached XP level 2. HP: 24/25 MP: 2/2
   825 | D:2      | Found a shimmering altar of Xom.
   872 | D:2      | Reached XP level 3. HP: 29/30 MP: 3/3
  1144 | D:2      | Found a faded altar of an unknown god.
  1465 | D:2      | Reached skill level 4 in Shields
  2147 | D:3      | Found Konea's Armour Shoppe.
  2165 | D:3      | Reached XP level 4. HP: 37/37 MP: 4/4
  2313 | D:3      | Found Metsu's Armour Shop.
  2378 | D:3      | Found Qeyho's Antique Weapon Emporium.
  2645 | D:3      | Reached XP level 5. HP: 43/43 MP: 5/5
  3459 | D:4      | Reached skill level 5 in Shields
  3561 | D:4      | Reached XP level 6. HP: 41/49 MP: 6/6
  3812 | D:5      | Entered Level 5 of the Dungeon
  4097 | D:5      | Found a staircase to the Ecumenical Temple.
  4107 | Temple   | Entered the Ecumenical Temple
  4117 | Temple   | Became a worshipper of Cheibriados the Contemplative
  4335 | D:5      | Noticed a sky beast
  4351 | D:5      | Killed a sky beast
  4352 | D:5      | Reached skill level 1 in Invocations
  4541 | D:5      | Identified the +8 war axe of the Little People {venom, rN+
                  | rCorr Dex+7 Stlth+}
  4684 | D:5      | Reached skill level 5 in Armour
  5122 | D:6      | Reached skill level 5 in Fighting
  5128 | D:6      | Reached XP level 7. HP: 20/56 MP: 6/8
  5379 | D:6      | Reached skill level 1 in Axes
  5384 | D:6      | Reached * piety under Cheibriados
  5385 | D:6      | Reached skill level 6 in Shields
  6055 | D:6      | Found a hazy altar of Hepliaklqana.
  6055 | D:6      | Found an opulent altar of Gozag.
  6310 | D:7      | Reached XP level 8. HP: 56/63 MP: 10/10
  6628 | D:7      | Reached skill level 7 in Shields
  6652 | D:7      | Found Bojorchuth's Assorted Antiques.
  6662 | D:7      | Found a white marble altar of Elyvilon.
  6764 | D:7      | Killed from afar by an orc priest

Illustrated notes

Levels and vault maps discovered:
D:1:      ldierk_water_garden, layout_loops_ring,
          hangedman_abyss_or_decor_lesser_grid
D:2:      layout_basic, hellmonk_ecumenical_altar_inner_sanctum, basic_altar
D:3:      layout_basic, serial_shops, shop, shop, nicolae_shop_waterfront
D:4:      layout_cave_pools, serial_forest, infiniplex_forest_clump_cross,
          infiniplex_forest_clump_long, infiniplex_forest_lined_corner,
          infiniplex_forest_end_1, infiniplex_forest_clump_long,
          infiniplex_forest_corner_1, infiniplex_forest_lined_ring,
          infiniplex_forest_end_2, infiniplex_forest_clump_double
D:5:      layout_basic, minmay_temple_entry_junction,
          minmay_misc_feat_more_columns, kennysheep_generic_room_12
D:6:      layout_loops_ring, gammafunk_temple_overflow_elements,
          kennysheep_boxes
D:7:      layout_basic, nicolae_tso_carved_into_rock,
          chequers_temple_overflow_statue_of_worship, serial_shops,
          nicolae_shop_crystal
Temple:   eino_temple_lava

Skill      XL: |  1  2  3  4  5  6  7  8 |
---------------+-------------------------+-----
Fighting       | 4 5 6 |  6.2
Armour         | 4 5 6 |  6.2
Long Blades    | 3 4 |  4.1
Shields        | 4 5 6 7 |  7.3
Invocations    | 1 2 4 |  4.1
Axes           | 2 3 |  3.2
Crossbows      | |  0.1

Action                   |  1- 3 |  4- 6 |  7- 9 || total
-------------------------+-------+-------+-------++-------
Melee: Long sword        |   120 |   156 |       ||   276
       War axe           |       |    13 |    82 ||    95
Throw: Stone             |       |       |     4 ||     4
  Use: Scroll            |       |    10 |       ||    10
Armor: Scale mail        |    73 |    63 |    37 ||   173
Dodge: Dodged            |    39 |    43 |    27 ||   109
Block: Kite shield       |    54 |    91 |    57 ||   202
       Rpst.: Long sword |    14 |    10 |       ||    24
